AoeStats
← K

Nomad

510540943Analyzed
4v4 RM · 1d ago on Oct 1, 2026· 47m 11s· 8 players
Game mode
Random Map
Map size
231×231
Population
200
Speed
Normal
Resources
Standard
Victory
Conquest
Starting age
Dark Age
Ending age
Imperial Age
RankedLock teamsTeams togetherTeam positionsShared explorationLock speedFull tech treeHidden civsTurbo modeCheats
Victory
Defeat
🇩🇪 Persians · Germany
1121
+18
🇻🇳 Maya · Vietnam
1115
+18
🇩🇪 Persians · Germany
1103
+18
🇺🇸 Persians · United States
1053
+20
🇬🇧 Mongols · United Kingdom
1181
-20
🇺🇸 Byzantines · United States
1173
-19
🇷🇺 Varangians · Russia
1137
-18
🇨🇳 Khmer · China
1127
-17
AkNeyls
4:38 Loom
13:14 Feudal Age
13:38 Double-Bit Axe
14:16 Fishing Lines
15:33 Wheelbarrow
15:11 Horse Collar
18:53 Castle Age
17:05 Gold Mining
19:19 Scale Barding Armor
19:14 Scale Mail Armor
19:24 Forging
19:46 Bow Saw
19:43 Husbandry
19:55 Bloodlines
21:09 Chain Barding Armor
24:24 Iron Casting
24:38 Heavy Plow
25:21 Gillnets
29:08 Fletching
36:38 Hand Cart
36:29 Stone Mining
37:15 Gold Shaft Mining
41:28 Imperial Age
42:45 Chemistry
41:57 Masonry
42:50 Two-Man Saw
41:31 Heavy Scorpion
nguyenhoanglan060
14:45 Feudal Age
13:51 Loom
15:36 Double-Bit Axe
17:56 Fishing Lines
22:02 Castle Age
22:46 Pikeman
25:06 Wheelbarrow
27:58 Horse Collar
28:58 Fletching
29:08 Padded Archer Armor
31:52 Bodkin Arrow
32:12 Leather Archer Armor
32:41 Bow Saw
33:37 Heavy Plow
36:15 Gillnets
41:02 Imperial Age
41:09 Imperial Age
41:22 Imperial Age
39:48 Treadmill Crane
40:38 Ballistics
40:26 Scale Mail Armor
40:57 Squires
41:38 Eagle Warrior
42:56 Crop Rotation
42:21 Elite Plumed Archer
44:07 Conscription
43:46 Gold Mining
43:47 Stone Mining
44:23 Elite Eagle Warrior
46:27 Chain Mail Armor
46:42 Bracer
47:12 Ring Archer Armor
Busy Dingo
12:31 Feudal Age
16:36 Castle Age
14:51 Double-Bit Axe
15:20 Horse Collar
17:24 Bow Saw
19:00 Loom
19:11 Fletching
22:27 Fishing Lines
23:14 Gillnets
25:59 Wheelbarrow
26:28 Scale Barding Armor
26:34 Forging
26:30 Stone Mining
26:30 Gold Mining
32:42 Imperial Age
32:08 Heavy Plow
32:50 Iron Casting
33:23 Hand Cart
33:18 Bodkin Arrow
35:08 Blast Furnace
35:45 Conscription
36:14 Bloodlines
36:04 Husbandry
36:11 Town Watch
36:50 Chain Barding Armor
36:27 Gold Mining
37:14 Stone Shaft Mining
38:01 Elite War Elephant
38:52 Murder Holes
42:09 Light Cavalry
44:33 Gold Shaft Mining
43:30 Hussar
46:59 Plate Barding Armor
who
3:59 Loom
15:04 Feudal Age
18:45 Castle Age
18:31 Horse Collar
18:38 Double-Bit Axe
19:52 Bloodlines
19:42 Husbandry
21:27 Scale Barding Armor
21:33 Forging
30:34 Fletching
31:44 Heavy Plow
33:33 Wheelbarrow
33:50 Bodkin Arrow
36:13 Iron Casting
38:22 Chain Barding Armor
38:41 Hand Cart
41:13 Imperial Age
40:58 Masonry
40:47 Murder Holes
40:57 Cavalier
42:49 Savar
44:07 Conscription
45:00 Blast Furnace
46:29 Crop Rotation
46:12 Bow Saw
47:09 Crop Rotation
48:24 Plate Barding Armor
xxxx
3:29 Loom
14:33 Feudal Age
15:33 Double-Bit Axe
16:41 Fishing Lines
19:51 Castle Age
19:43 Gold Mining
20:22 Gillnets
20:48 Bow Saw
23:50 Wheelbarrow
23:25 Fletching
25:32 Hand Cart
34:21 Imperial Age
32:06 Horse Collar
33:03 Scale Mail Armor
33:14 Forging
33:10 Heavy Plow
33:53 Stone Mining
35:20 Iron Casting
35:00 Chain Mail Armor
34:44 Town Watch
34:35 Elite Varangian Guard
36:31 Conscription
35:36 Gothikon
37:20 Crop Rotation
37:30 Stone Shaft Mining
36:51 Capped Ram
37:39 Arson
38:57 Blast Furnace
39:41 Two-Man Saw
39:28 Siege Ram
41:41 Plate Mail Armor
42:06 Pikeman
着什么急
11:45 Loom
16:47 Feudal Age
19:55 Castle Age
21:09 Double-Bit Axe
22:10 Fishing Lines
23:24 Bow Saw
24:12 Horse Collar
24:48 Gillnets
27:23 Bloodlines
27:14 Husbandry
27:46 Heavy Plow
29:14 Gold Mining
29:17 Stone Mining
32:37 Forging
32:32 Scale Barding Armor
32:28 Scale Mail Armor
33:17 Stone Shaft Mining
33:19 Gold Shaft Mining
38:41 Imperial Age
35:57 Light Cavalry
38:58 Iron Casting
38:44 Chain Barding Armor
39:58 Wheelbarrow
39:55 Conscription
40:43 Double Crossbow
41:33 Heavy Scorpion
43:09 Crop Rotation
42:46 Hussar
JustOutOfRange
5:53 Loom
13:33 Feudal Age
16:39 Double-Bit Axe
18:02 Horse Collar
22:42 Castle Age
21:03 Scale Barding Armor
21:08 Forging
21:33 Gold Mining
21:33 Stone Mining
22:40 Scale Mail Armor
24:14 Wheelbarrow
23:44 Husbandry
24:06 Fishing Lines
24:37 Medium Warships
26:06 Fletching
28:06 Careening
28:02 Pikeman
28:46 Squires
30:04 Chain Barding Armor
30:20 Iron Casting
32:20 Heavy Plow
33:15 Iron Casting
37:26 Imperial Age
36:19 Hand Cart
37:54 Arson
38:28 Chain Mail Armor
38:22 Heavy Camel Rider
40:54 Chemistry
39:36 Treadmill Crane
41:30 Light Cavalry
44:00 Bow Saw
44:11 Hussar
46:06 Plate Mail Armor
46:11 Plate Barding Armor
K
9:44 Loom
13:47 Feudal Age
20:44 Castle Age
24:19 Double-Bit Axe
26:22 Forging
26:28 Arson
34:58 Fletching
38:46 Bodkin Arrow
39:38 Padded Archer Armor
42:11 Wheelbarrow
Connection lost

Rejoining the realm…

Still unreachable

The connection could not be restored.

Session expired

The server has moved on; the page needs a fresh start.